 Dungeon Crawl Stone Soup version 0.17-a0-1181-gabc46e6 (webtiles) character file.

667 Cryogen the Basher (level 7, -1/76 HPs)
             Began as an Ogre Berserker on May 31, 2015.
             Was a Believer of Trog.
             Slain by an iguana (3 damage)
             ... on level 4 of the Dungeon.
             The game lasted 00:18:14 (4144 turns).

Cryogen the Basher (Ogre Berserker)                 Turns: 4144, Time: 00:18:14

Health: -1/76      AC:  3    Str: 23    XL:     7   Next: 57%
Magic:  7/7        EV: 11    Int:  6    God:    Trog [**....]
Gold:   274        SH:  0    Dex: 11    Spells: 0 memorised, 6 levels left

rFire  . . .     SeeInvis .     a - +0 mace
rCold  . . .     Clarity  .     b - +0 animal skin
rNeg   . . .     SustAt   .     (no shield)
rPois  .         Gourm    .     (helmet restricted)
rElec  .         Spirit   .     (no cloak)
rCorr  .         Warding  .     (gloves unavailable)
rMut   .         Stasis   .     (boots unavailable)
MR     .....                    (no amulet)
Stlth  +.........               (no ring)
                                (no ring)

@: exhausted, about to teleport, very slightly contaminated, slowed, invisible,
very slow, not resistant to hostile enchantments, very unstealthy
A: unfitting armour, hooves 1, tough skin 1
a: Burn Spellbooks, Berserk, Trog's Hand, Renounce Religion


You were on level 4 of the Dungeon.
You worshipped Trog.
Trog was pleased with you.
You were not hungry.

You visited 1 branch of the dungeon, and saw 4 of its levels.

You collected 274 gold pieces.

Inventory:

Hand weapons
 a - a +0 mace (weapon)
Armour
 b - a +0 animal skin (worn)
Jewellery
 f - a +1 ring of evasion {unknown}
 l - an uncursed ring of ice
Scrolls
 e - 5 scrolls of identify {unknown}
 h - 2 scrolls of enchant armour {unknown}
 k - a scroll of immolation {unknown}
 m - 3 scrolls of teleportation
 o - 2 scrolls of fog {unknown}
 p - a scroll of enchant weapon {unknown}
 q - a scroll of blinking {unknown}
Comestibles
 i - 2 slices of pizza
 n - 3 meat rations
 r - a bread ration


   Skills:
 + Level 6.6 Fighting
 * Level 8.2 Maces & Flails
 + Level 4.7 Dodging


You had 6 spell levels left.
You didn't know any spells.

Dungeon Overview and Level Annotations

Branches:
Dungeon (4/15)
 Temple: D:4-7

Altars:
Ashenzari
Cheibriados
Dithmenos
Fedhas
Gozag
Nemelex Xobeh
Yredelemnul


Innate Abilities, Weirdness & Mutations

You are too large for most types of armour.
You have tough skin (AC +1).
You have large cloven feet.


Message History

* * * LOW HITPOINT WARNING * * *
The iguana closely misses you.
You miss the jackal.
Your attack snaps the jackal out of its fear.
Your kick misses the jackal. The jackal misses you.
The jackal barely misses you. The iguana bites you.
* * * LOW HITPOINT WARNING * * *
You hit the jackal. You kick the jackal, but do no damage.
The jackal is moderately wounded.
The jackal bites you but does no damage.
The jackal closely misses you. The iguana bites you.
* * * LOW HITPOINT WARNING * * *
A magic dart appears from out of thin air!
The magic dart hits the iguana.
Something's attack snaps the iguana out of its fear.
The iguana hisses angrily.
As you read the scroll labeled ZYRUFF FUGHOIS, it crumbles to dust.
You feel strangely unstable.
It was a scroll of teleportation.
The jackal barely misses you. The iguana bites you.
You die...

(.# ###### ...#
###...### ##
#..oo.o.. #.
#.# #. #)# #.
#{# #. #l# #.
#@# #. #.# #h#
#. #.# #.# #.
#.# ########.#
#. #.#
#........# #.
#.# #.#####..#
#. #.#
#.#####..# #.
#.####.##.....#
#.
#......##.##.##
#######.


You could see an iguana and a jackal.

Vanquished Creatures
  Grinder (D:4)
  A phantom (D:4)
  An orc warrior (D:4)
  A scorpion (D:4)
  A hound (D:4)
  A centaur skeleton (D:4)
  An orc wizard (D:4)
  A worker ant (D:4)
  4 adders
  2 oozes
  A worm (D:3)
  2 giant geckos
  10 orcs
  2 ball pythons
  7 giant cockroaches
  3 hobgoblins
  10 kobolds
  3 quokkas
  4 bats
  9 goblins
  6 rats
71 creatures vanquished.

Notes
Turn   | Place    | Note
--------------------------------------------------------------
     0 | D:1      | Cryogen the Ogre Berserker began the quest for the Orb.
     0 | D:1      | Reached XP level 1. HP: 24/24 MP: 1/1
   533 | D:1      | Reached XP level 2. HP: 30/33 MP: 2/2
  1132 | D:1      | Reached XP level 3. HP: 14/40 MP: 3/3
  1430 | D:2      | Found a snail-covered altar of Cheibriados.
  1502 | D:2      | Found a sparkling altar of Nemelex Xobeh.
  1601 | D:2      | Found a blossoming altar of Fedhas.
  1609 | D:2      | Acquired Trog's second power
  1692 | D:2      | Found a basalt altar of Yredelemnul.
  1823 | D:3      | Reached skill level 5 in Maces & Flails
  1855 | D:3      | Reached XP level 4. HP: 23/49 MP: 4/4
  2170 | D:3      | Found an opulent altar of Gozag.
  2369 | D:3      | Found a shattered altar of Ashenzari.
  2584 | D:4      | Reached skill level 5 in Fighting
  2584 | D:4      | Reached XP level 5. HP: 39/57 MP: 5/5
  2813 | D:4      | Reached skill level 6 in Maces & Flails
  3297 | D:4      | Reached XP level 6. HP: 30/66 MP: 6/6
  3514 | D:4      | Found a shadowy altar of Dithmenos.
  3514 | D:4      | Noticed a phantom
  3557 | D:4      | Killed a phantom
  3557 | D:4      | Reached skill level 7 in Maces & Flails
  3821 | D:4      | Noticed Grinder
  3843 | D:4      | Killed Grinder
  3843 | D:4      | Reached XP level 7. HP: 69/76 MP: 7/7
  4119 | D:4      | Noticed an orc warrior
  4135 | D:4      | Killed an orc warrior
  4135 | D:4      | Reached skill level 8 in Maces & Flails
  4138 | D:4      | Gained mutation: Your body sometimes deteriorates upon taking damage. [potion of mutation]
  4138 | D:4      | Gained mutation: You have large cloven feet. [potion of mutation]
  4138 | D:4      | Lost mutation: Your body sometimes deteriorates upon taking damage. [potion of mutation]
  4142 | D:4      | HP: 2/76 [iguana (6)]
  4144 | D:4      | Slain by an iguana

Vault maps used:
D:1:      minmay_arrival_four_circles, corner_web_ring
D:2:      lemuel_coloured_pillars_altar, nemelex_xobeh_ov_fountains_minmay,
          old_standard_altar, fedhas_altar_1
D:3:      grunt_gozag_breadcrumbs, evilmike_ruin_ashenzari, serial_bayou_pond_a
D:4:      grunt_dithmenos_shadows, first_bread, saegor_snake_ambush,
          uniq_grinder

Action                   |  1- 3 |  4- 6 |  7- 9 || total
-------------------------+-------+-------+-------++-------
Melee: Mace              |   109 |   126 |    23 ||   258
Invok: Berserk           |       |     2 |     1 ||     3
  Use: Potion            |     1 |       |     2 ||     3
       Scroll            |       |       |     3 ||     3
 Stab: Sleeping          |     1 |     1 |       ||     2
  Eat: Bread ration      |     1 |     1 |     1 ||     3
       Fruit             |       |     2 |       ||     2
